 Dungeon Crawl Stone Soup version 0.18-a0-674-g00855b9 (webtiles) character file.

109 Duffy the Ruffian (level 4, -4/38 HPs)
             Began as a Centaur Monk on Dec 6, 2015.
             Slain by Crazy Yiuf
             ... wielding a +2 quarterstaff of chaos
              (5 damage)
             ... while paralysed by Crazy Yiuf
             ... on level 2 of the Dungeon.
             The game lasted 00:01:47 (2159 turns).

Duffy the Ruffian (Centaur Monk)                    Turns: 2159, Time: 00:01:47

Health: -4/38      AC:  6    Str: 14    XL:     4   Next: 60%
Magic:  4/4        EV:  1    Int: 10    God:
Gold:   124        SH:  0    Dex: 11    Spells: 0 memorised, 3 levels left

rFire  . . .     SeeInvis .       - Unarmed
rCold  . . .     Clarity  .     l - +0 scale mail
rNeg   . . .     SustAt   .     (no shield)
rPois  .         Gourm    .     (no helmet)
rElec  .         Spirit   .     (no cloak)
rCorr  .         Dismiss  .     (no gloves)
rMut   .         Stasis   .     (no barding)
MR     .....                    (no amulet)
Stlth  ..........               (no ring)
                                (no ring)

@: paralysed, very quick, not resistant to hostile enchantments, extremely
unstealthy
A: hooves 3, deformed body, speed 2, tough skin 3
a: no special abilities


You were on level 2 of the Dungeon.
You were not hungry.

You visited 1 branch of the dungeon, and saw 2 of its levels.

You collected 124 gold pieces.


Innate Abilities, Weirdness & Mutations

You have hooves in place of feet.
Armour fits poorly on your strangely shaped body.
You cover ground very quickly.
You have extremely tough skin (AC +3).


   Skills:
 - Level 3.0 Fighting
 - Level 2.2 Dodging
 - Level 1.2 Stealth
 + Level 6.0 Unarmed Combat


You had 3 spell levels left.
You didn't know any spells.

Inventory:

Armour
 a - a +0 robe
 l - a +0 scale mail (worn)
Scrolls
 d - 6 scrolls of identify {unknown}
 h - 2 scrolls of magic mapping {unknown}
 i - 2 scrolls of immolation {unknown}
 k - a scroll of blinking {unknown}
 o - a scroll of remove curse {unknown}
 p - a scroll of fog {unknown}
 q - a scroll of teleportation {unknown}
 s - a scroll of recharging {unknown}
 t - a scroll of random uselessness {unknown}
Potions
 c - a potion of magic {unknown}
 e - a potion of lignification {unknown}
 j - a potion of brilliance {unknown}
 m - a potion of curing {unknown}
 n - a potion of agility {unknown}
Comestibles
 b - a bread ration
 f - a beef jerky
 g - 2 meat rations
 r - a slice of pizza

Dungeon Overview and Level Annotations

Branches:
Dungeon (2/15)

Altars:
Pakellas

Annotations:
D:2 Crazy Yiuf


Message History

You butcher the rat corpse.
u - a chunk of flesh You see here a rat skeleton.
Eating a chunk of flesh.
This raw flesh tastes terrible.
You continue eating. x2
Found a stone staircase leading down.
You see here a rat skeleton.
Found a mace.
Crazy Yiuf the Enlightened comes into view.
He is wielding a quarterstaff of chaos.
Crazy Yiuf shouts!
Crazy Yiuf closely misses you.
You barely miss Crazy Yiuf. You hit Crazy Yiuf but do no damage.
You kick Crazy Yiuf, but do no damage.
Crazy Yiuf says, "I'm not crazy!"
Crazy Yiuf closely misses you.
You hit Crazy Yiuf but do no damage. You kick Crazy Yiuf, but do no damage.
Crazy Yiuf hits you with a quarterstaff of chaos!
You closely miss Crazy Yiuf. You kick Crazy Yiuf.
Crazy Yiuf is lightly wounded.
Crazy Yiuf barely misses you.
You closely miss Crazy Yiuf. You kick Crazy Yiuf, but do no damage.
Crazy Yiuf is lightly wounded.
Crazy Yiuf whimpers, "Aardvark ena cloud!"
Crazy Yiuf hits you with a quarterstaff of chaos!
You barely miss Crazy Yiuf. Your kick misses Crazy Yiuf.
Crazy Yiuf is lightly wounded.
You hit Crazy Yiuf but do no damage.
Crazy Yiuf is lightly wounded.
Crazy Yiuf screams, "Powder!"
Crazy Yiuf hits you with a quarterstaff of chaos.
You suddenly lose the ability to move!
Crazy Yiuf hits you with a quarterstaff of chaos.
Space warps horribly around you!
Crazy Yiuf hits you with a quarterstaff of chaos.
You die...

#.#.# ##'#
##..## #.#
##### ###.#.#
#.# #....#
#.# # #...#.#
#.# #...##
#.# # #.###.#
##.# ##.##
#.# # #.#
#.###..# #.##
#># ####
#.###.##...#
##.# #.# #...
......###..#
#.## #.# #.##
#.#.#####..#
##.# ### #.#
#..........#
#@# #.#
....######.#
#.g.# #.#
##### #.#
#...# #.##
#.# #..)#
#... #.#
##### ####
########.#
#......#.## #
#.####.#..#
###.####.#..#
##


You could see Crazy Yiuf.

Action                   |  1- 3 |  4- 6 || total
-------------------------+-------+-------++-------
Melee: Unarmed           |   102 |    65 ||   167
  Eat: Chunk             |     1 |     2 ||     3

Notes
Turn   | Place    | Note
--------------------------------------------------------------
     0 | D:1      | Duffy the Centaur Monk began the quest for the Orb.
     0 | D:1      | Reached XP level 1. HP: 19/19 MP: 1/1
   260 | D:1      | Reached XP level 2. HP: 26/26 MP: 2/2
   836 | D:2      | Noticed Terence
   870 | D:1      | Killed Terence
   870 | D:1      | Reached skill level 5 in Unarmed Combat
   870 | D:1      | Reached XP level 3. HP: 14/31 MP: 3/3
  1532 | D:2      | Noticed Ijyb
  1533 | D:2      | Reached XP level 4. HP: 38/38 MP: 4/4
  1564 | D:2      | Killed Ijyb
  1735 | D:2      | Reached skill level 6 in Unarmed Combat
  1826 | D:2      | Found an oddly glowing altar of Pakellas.
  2147 | D:2      | Noticed Crazy Yiuf
  2157 | D:2      | Paralysed by Crazy Yiuf for 4 turns
  2159 | D:2      | Slain by Crazy Yiuf

Vault maps used:
D:1:      nagdon_arrival_zigzag_paths
D:2:      grunt_pakellas_salt, uniq_terence, uniq_iyjb, uniq_crazy_yiuf_cottage

Vanquished Creatures
  Ijyb Terence
  An adder
  An ooze
  A worm
  A giant gecko
  A bat
  9 goblins
  10 hobgoblins
  A quokka
  A giant cockroach
  2 giant newts
  5 kobolds
  5 rats
40 creatures vanquished.
